Map: Dusk Towers

Players

MorN - Winner!

  • Race: Terran Terran
  • League: Master

Orzo

  • Race: Protoss Protoss
  • League: Master

VOD

Have the link to the VOD?

Description

Time

  • Played on: Dec. 5, 2015, 3:18 p.m.
  • Length: 12:16
Show
View Real Time Build Order
Export as new Build Order

MorN Terran - Winner!

Build Orders: Cyclone Opening, MMM Bio 

Get SALT Encoding   

  12  0:00  SCV  
  13  0:13  SCV  
  14  0:17  Supply Depot  
  14  0:25  SCV  
  15  0:39  SCV  
  15  0:40  Barracks  
  16  0:46  Refinery  
  16  0:51  SCV  
  17  1:03  SCV  
  18  1:15  SCV  
  19  1:27  Marine  
  19  1:28  Orbital Command  
  20  1:42  Command Center  
  20  1:52  Factory  
  20  1:56  SCV  
  21  2:03  Supply Depot  
  21  2:05  Marine  
  22  2:19  SCV  
  23  2:24  Marine  
  24  2:31  SCV  
  25  2:37  Factory Tech Lab, Barracks  
  25  2:42  Marine  
  25  2:43  SCV  
  27  2:55  SCV  
  27  2:58  Cyclone, Orbital Command  
  27  3:02  Marine  
  31  3:07  SCV  
  31  3:08  Engineering Bay  
  31  3:11  Refinery  
  32  3:19  SCV  
  33  3:20  Marine  
  33  3:24  SCV  
  35  3:30  Barracks  
  35  3:31  SCV  
  36  3:36  SCV  
  36  3:39  Factory Reactor  
  36  3:40  Supply Depot  
  37  3:43  SCV, Stimpack  
  37  3:44  Marine  
  39  3:48  SCV  
  40  3:56  SCV  
  40  4:00  Marine  
  40  4:01  SCV, Marine  
  44  4:08  SCV  
  45  4:13  SCV  
  45  4:14  Refinery  
  46  4:20  SCV  
  47  4:25  SCV  
  47  4:26  Command Center, Factory Reactor  
  48  4:32  SCV  
  48  4:33  Barracks Tech Lab  
  48  4:34  Starport  
  48  4:37  Supply Depot, SCV  
  50  4:44  SCV, Marine x2  
  53  4:49  SCV  
  54  4:53  Terran Infantry Weapons Level 1, Supply Depot  
  54  4:57  Supply Depot, Combat Shields  
  54  4:58  SCV  
  55  5:01  SCV  
  56  5:07  Marine x3  
  56  5:10  SCV  
  56  5:12  Refinery  
  56  5:13  SCV, Marine  
  62  5:14  Factory Reactor  
  62  5:18  Medivac  
  62  5:20  Medivac  
  66  5:24  SCV  
  66  5:26  SCV  
  68  5:29  Supply Depot  
  68  5:30  Marauder, Marine  
  68  5:31  Marauder  
  73  5:36  SCV  
  73  5:40  Orbital Command  
  73  5:41  SCV  
  75  5:46  Supply Depot  
  75  5:48  SCV  
  76  5:51  Marauder, Medivac  
  76  5:53  SCV  
  77  6:13  Orbital Command  
  77  6:15  Marine x2  
  77  6:16  Marauder x2, Widow Mine x2  
  87  6:20  SCV  
  83  6:43  Marine x2  
  83  6:44  Marauder x2  
  89  6:47  SCV x2  
  89  6:51  SCV  
  89  6:53  Terran Infantry Armor Level 1  
  92  6:57  Engineering Bay  
  92  6:58  Armory  
  92  6:59  SCV x2  
  92  7:01  Barracks x2  
  94  7:04  Medivac x2  
  94  7:07  SCV  
  99  7:11  SCV  
  99  7:13  Missile Turret  
  99  7:15  SCV  
  101  7:16  Missile Turret  
  101  7:18  Refinery  
  101  7:19  SCV, Supply Depot  
  102  7:23  SCV  
  102  7:24  Supply Depot  
  102  7:27  SCV  
  104  7:31  SCV  
  104  7:33  Supply Depot  
  104  7:34  Marauder x2  
  109  7:40  SCV x2, Marine x2  
  109  7:43  SCV  
  114  7:46  Supply Depot, Medivac x2  
  118  7:52  SCV x2  
  118  7:53  Barracks Tech Lab  
  118  7:55  Barracks Reactor, Marine x2, SCV  
  123  8:03  Marine x2  
  123  8:05  SCV x2  
  127  8:11  Marine  
  127  8:14  Marauder x2  
  126  8:21  Marine x2  
  126  8:23  Medivac x2  
  126  8:29  Marauder  
  120  8:34  Marine  
  120  8:35  Marauder  
  120  8:38  Marine x2  
  120  8:39  Marine x2  
  126  8:45  Widow Mine x2  
  130  8:51  Marauder  
  130  8:52  Barracks, Marine  
  130  8:54  Terran Infantry Weapons Level 2, Barracks x2  
  130  8:55  Terran Infantry Armor Level 2  
  133  8:56  Marine x3  
  133  8:57  Marine x2  
  133  9:01  Command Center  
  133  9:02  Fusion Core  
  138  9:10  Supply Depot  
  138  9:11  Marine, Marauder  
  138  9:12  Supply Depot x2  
  138  9:15  Liberator  
  138  9:16  Starport, Liberator  
  141  9:25  Supply Depot  
  141  9:27  Marine x2, Widow Mine x2  
  141  9:28  Marauder  
  149  9:31  Marine  
  149  9:32  Marauder, Missile Turret, Marine x2  
  149  9:33  Missile Turret  
  149  9:34  Missile Turret  
  156  9:42  Command Center  
  156  9:49  Marauder  
  158  9:53  Marine x2  
  158  9:54  Marauder  
  158  9:55  Widow Mine x2  
  158  9:56  Marine x2  
  158  9:57  Marauder  
  158  9:58  Barracks Tech Lab x3  
  169  10:09  Starport Tech Lab  
  169  10:10  Marine  
  169  10:11  Marine x2  
  172  10:15  Marauder  
  172  10:18  Marauder  
  172  10:20  Liberator x3  
  176  10:28  Marauder, Marine x2  
  160  10:29  Marauder  
  160  10:33  Concussive Shells, Marine  
  160  10:34  Marauder, Marine x2  
  165  10:35  Advanced Ballistics  
  165  10:36  Marauder  
  165  10:40  Marauder  
  165  10:41  Planetary Fortress  
  178  10:43  Refinery  
  178  10:45  Refinery  
  168  11:03  Liberator  
  154  11:05  Marine x2  
  154  11:08  Marauder, Marine x2  
  154  11:09  Marauder x2  
  154  11:10  Liberator  
  162  11:12  Marauder, Marine x2  
  167  11:26  Refinery, Marine x2  
  167  11:30  Marauder  
  167  11:32  Marine x2  
  176  11:33  Marauder x3, Marine x2  
  184  11:42  SCV x2  
  189  11:49  Marine x2  
  189  11:51  Marauder x2  
Show
View Real Time Build Order
Export as new Build Order

Orzo Protoss 

Build Orders: 1 Gate Expand 

Get SALT Encoding   

  12  0:01  Probe (Chrono Boost)  
  13  0:11  Probe (Chrono Boost)  
  14  0:17  Pylon  
  14  0:22  Probe (Chrono Boost)  
  16  0:35  Probe (Chrono Boost)  
  16  0:37  Gateway  
  16  0:42  Assimilator  
  16  0:46  Probe (Chrono Boost)  
  17  0:57  Probe (Chrono Boost)  
  18  1:07  Probe (Chrono Boost)  
  19  1:25  Nexus  
  19  1:32  Cybernetics Core  
  19  1:36  Probe (Chrono Boost)  
  20  1:46  Probe (Chrono Boost)  
  21  1:49  Assimilator  
  21  1:53  Pylon  
  21  2:01  Probe (Chrono Boost)  
  22  2:12  Mothership Core (Chrono Boost)  
  23  2:18  Adept  
  23  2:21  Warp Gate  
  25  2:30  Probe (Chrono Boost)  
  25  2:37  Probe (Chrono Boost)  
  27  2:41  Probe (Chrono Boost)  
  27  2:44  Robotics Facility  
  28  2:47  Probe (Chrono Boost)  
  29  2:51  Probe (Chrono Boost)  
  29  2:58  Probe (Chrono Boost)  
  31  3:02  Probe (Chrono Boost)  
  32  3:05  Adept  
  32  3:08  Probe (Chrono Boost)  
  36  3:12  Probe (Chrono Boost)  
  36  3:19  Probe (Chrono Boost)  
  37  3:23  Probe (Chrono Boost)  
  38  3:28  Gateway  
  38  3:29  Probe (Chrono Boost)  
  38  3:31  Gateway  
  39  3:34  Pylon  
  39  3:35  Warp Prism (Chrono Boost)  
  39  3:38  Probe  
  39  3:39  Probe  
  43  3:48  Pylon  
  43  3:49  Probe  
  43  3:51  Probe  
  43  3:55  Robotics Bay  
  45  4:02  Pylon  
  45  4:07  Observer (Chrono Boost)  
  46  4:15  Probe  
  46  4:16  Probe  
  46  4:23  Stalker x2  
  50  4:28  Gateway  
  50  4:30  Probe  
  50  4:32  Probe  
  50  4:34  Assimilator  
  52  4:39  Twilight Council, Assimilator  
  52  4:45  Probe  
  52  4:46  Probe  
  52  4:52  Observer (Chrono Boost)  
  55  4:56  Probe  
  55  4:59  Stalker x2  
  60  5:05  Probe  
  60  5:06  Probe  
  62  5:18  Probe x2  
  62  5:19  Disruptor (Chrono Boost)  
  67  5:22  Nexus  
  67  5:26  Pylon  
  67  5:28  Probe  
  67  5:30  Probe  
  69  5:38  Pylon  
  69  5:40  Probe, Pylon  
  69  5:42  Pylon  
  73  5:57  Disruptor (Chrono Boost)  
  73  6:09  Probe  
  73  6:10  Stalker x3  
  80  6:12  Blink  
  80  6:13  Probe  
  81  6:23  Probe x2  
  83  6:26  Pylon  
  83  6:28  Pylon  
  83  6:31  Pylon  
  83  6:37  Stalker x2  
  83  6:38  Disruptor (Chrono Boost)  
  88  6:42  Probe  
  88  6:45  Probe, Dark Shrine  
  90  6:54  Probe  
  90  6:55  Probe  
  90  6:56  Forge  
  90  6:58  Forge  
  92  7:03  Probe  
  92  7:06  Probe x2  
  92  7:07  Assimilator  
  95  7:09  Sentry, Stalker  
  95  7:10  Stalker  
  95  7:11  Assimilator  
  95  7:14  Probe, Disruptor (Chrono Boost)  
  104  7:18  Probe  
  106  7:29  Robotics Facility  
  106  7:32  Pylon  
  106  7:33  Probe  
  106  7:34  Photon Cannon  
  106  7:36  Photon Cannon  
  107  7:37  Photon Cannon  
  107  7:38  Pylon  
  107  7:42  Stalker x2  
  107  7:43  Stalker  
  113  8:01  Protoss Ground Weapons Level 1 (Chrono Boost), Protoss Ground Armor Level 1 (Chrono Boost)  
  113  8:03  Gateway  
  113  8:05  Gateway  
  113  8:07  Gateway  
  113  8:10  Gateway  
  111  8:22  Stalker  
  107  8:30  Stalker x2  
  108  8:39  Disruptor (Chrono Boost)  
  104  8:41  Mothership Core  
  104  8:43  Pylon  
  104  8:56  Stalker x3  
  113  9:10  Disruptor (Chrono Boost)  
  113  9:13  Disruptor (Chrono Boost)  
  113  9:14  Dark Templar  
  118  9:23  Pylon  
  118  9:24  Adept x5  
  120  9:27  Probe x2  
  120  9:28  Probe  
  131  9:38  Adept  
  131  9:41  Colossus (Chrono Boost)  
  139  9:47  Probe  
  139  9:48  Probe  
  139  9:49  Probe  
  140  9:54  Dark Templar x2  
  144  10:09  Nexus  
  144  10:11  Pylon  
  144  10:12  Pylon  
  144  10:15  Pylon  
  144  10:17  Pylon  
  144  10:20  Adept x4  
  143  10:33  Stalker x2  
  143  10:34  Stalker  
  146  10:45  Adept x3  
  146  10:46  Adept  
  140  11:06  Stalker x3  
  144  11:13  Colossus (Chrono Boost)  
  144  11:14  Warp Prism (Chrono Boost)  
  144  11:15  Nexus  
  144  11:18  Pylon  
  148  11:19  Zealot  
  148  11:20  Zealot x3  
  156  11:27  Pylon  
  162  11:50  Stalker x2  
  162  11:51  Stalker  
  150  12:02  Stalker x3  
Tags
 
Add a new tag
Caveats
  • Supply blocks, unpowered buildings, or Contaminate may cause inaccurate times.
  • Supply counts are checked every 10 seconds.